Map: Deathaura LE

Players

Astrea - Winner!

  • Race: Protoss Protoss
  • Spawn Location: 11:00

Neeb

  • Race: Protoss Protoss
  • Spawn Location: 5:00

Event: DreamHack SC2 Masters 2020 Summer North America

VOD

Have the link to the VOD?

Description

Time

  • Played on: July 8, 2020, 4:22 p.m.
  • Length: 4:35

All games in this series

Show
View Real Time Build Order
Export as new Build Order

Astrea Protoss - Winner!

Build Orders: 1 Gate Expand 

Get SALT Encoding   

  12  0:00  Probe  
  13  0:12  Probe  
  14  0:16  Pylon  
  14  0:23  Probe  
  15  0:31  Probe  
  16  0:35  Gateway  
  16  0:39  Probe  
  16  0:47  Assimilator  
  17  0:51  Probe  
  18  1:03  Probe  
  19  1:15  Probe  
  20  1:21  Nexus  
  20  1:30  Cybernetics Core  
  20  1:33  Probe  
  20  1:38  Assimilator  
  21  1:45  Probe  
  22  1:48  Pylon  
  22  1:56  Stalker  
  22  1:57  Probe  
  23  2:05  Probe  
  23  2:06  Warp Gate  
  25  2:13  Probe  
  26  2:21  Robotics Facility  
  27  2:24  Stalker  
  27  2:25  Probe  
  28  2:36  Probe  
  31  2:37  Probe  
  32  2:50  Gateway  
  34  2:57  Stalker  
  36  3:01  Shield Battery, Probe x2  
  32  3:17  Immortal  
  34  3:34  Probe  
  35  3:35  Probe  
  35  3:48  Immortal  
  35  3:53  Shield Battery  
  39  4:07  Pylon  
  39  4:08  Sentry x2  
Show
View Real Time Build Order
Export as new Build Order

Neeb Protoss 

Build Orders:  

Get SALT Encoding   

  12  0:00  Probe  
  13  0:12  Probe  
  14  0:16  Pylon  
  14  0:24  Probe  
  15  0:32  Probe  
  15  0:37  Gateway  
  15  0:40  Probe  
  16  0:46  Assimilator  
  17  0:51  Probe  
  17  0:53  Assimilator  
  18  0:59  Probe  
  19  1:07  Probe  
  19  1:08  Gateway  
  19  1:17  Probe  
  20  1:23  Cybernetics Core  
  21  1:29  Probe  
  22  1:35  Pylon  
  22  1:41  Probe  
  23  1:50  Warp Gate  
  23  2:00  Adept x2  
  27  2:04  Probe  
  27  2:06  Pylon  
  28  2:15  Stargate  
  28  2:30  Stalker x2  
  28  2:31  Pylon  
  32  2:40  Gateway  
  32  2:47  Pylon  
  32  3:09  Stalker x2  
  34  3:14  Gateway  
  32  3:39  Stalker  
  34  3:46  Pylon  
  34  3:47  Stalker x2  
  38  3:59  Stalker  
  40  4:10  Stalker x3  
Tags
 
Add a new tag
Caveats
  • Supply blocks, unpowered buildings, or Contaminate may cause inaccurate times.
  • Supply counts are checked every 10 seconds.